AoeStats
← CORP_vash774

Four Lakes

510148449Analyzed
1v1 RM · 4d ago on Sep 29, 2026· 23m 37s· 2 players
Game mode
Random Map
Map size
Tiny (2 player)
Population
200
Speed
Normal
Resources
Standard
Victory
Conquest
Starting age
Dark Age
Ending age
Imperial Age
RankedLock teamsTeams togetherTeam positionsShared explorationLock speedFull tech treeHidden civsTurbo modeCheats
Victory
Defeat
🇦🇷 Varangians · Argentina
1065
+16
🇧🇷 Japanese · Brazil
1057
-16
ZacEfron
7:46 Loom
10:10 Feudal Age
10:23 Man-at-Arms
10:51 Double-Bit Axe
10:49 Horse Collar
14:47 Arson
20:15 Fletching
20:14 Horse Collar
22:54 Gold Mining
CORP_vash774
1:22 Loom
12:38 Feudal Age
13:14 Double-Bit Axe
14:43 Town Watch
19:13 Castle Age
18:19 Scale Barding Armor
20:29 Forging
21:25 Chain Barding Armor
24:02 Bloodlines
23:53 Husbandry
24:38 Iron Casting
Connection lost

Rejoining the realm…

Still unreachable

The connection could not be restored.

Session expired

The server has moved on; the page needs a fresh start.